 Seeded DCSS version 0.30-a0-424-g7412bad402 (webtiles) character file.

Game seed: 2672040522805985899 (custom seed)

45 innerfire433 the Trooper (level 3, -1/29 HPs)
             Began as a Demonspawn Monk on Dec 10, 2022.
             Slain by Sigmund
             ... wielding a +1 scythe of venom
              (6 damage)
             ... on level 2 of the Dungeon.
             The game lasted 00:02:01 (1177 turns).

innerfire433 the Trooper (Demonspawn Monk)          Turns: 1177, Time: 00:02:02

Health: -1/29      AC: 12    Str: 13    XL:     3   Next: 42%
Magic:  3/3        EV:  7    Int: 11    God:
Gold:   108        SH:  0    Dex: 15    Spells: 2/2 levels left

rFire   . . .      SeeInvis .    l - +10 dagger "Buwuc" {venom, rC+}
rCold   + . .      Faith    .    (no shield)
rNeg    . . .      Spirit   .    d - +2 plate armour
rPois   .          Reflect  .    (no helmet)
rElec   .          Harm     .    (no cloak)
rCorr   +          Rampage  .    (no gloves)
Will    .....                    (no boots)
Stlth   ..........               (no amulet)
HPRegen 0.24/turn                h - ring of resist corrosion
MPRegen 0.08/turn                (no ring)

@: lethally poisoned (-1 -> -7)
A: sturdy frame 2
a: no special abilities


You were on level 2 of the Dungeon.
You visited 1 branch of the dungeon, and saw 2 of its levels.

You collected 108 gold pieces.

Inventory:

Hand Weapons
 a - a +0 short sword
 l - the +10 dagger "Buwuc" (weapon) {venom, rC+}
   (You found it on level 2 of the Dungeon)

   It poisons the flesh of those it strikes.
   rC:        It protects you from cold.
Armour
 b - a +0 robe
 d - a +2 plate armour (worn)
 n - a scarf of harm
Jewellery
 h - a ring of resist corrosion (left hand)
 i - a ring of see invisible
Scrolls
 g - 3 scrolls of identify {unknown}
 k - a scroll of teleportation
 m - a scroll of silence {unknown}
Potions
 c - a potion of ambrosia
 e - 3 potions of heal wounds {unknown}
 j - a potion of flight {unknown}


   Skills:
 + Level 3.3 Fighting
 * Level 3.2 Short Blades
 * Level 1.2 Armour
 - Level 2.8 Dodging
 - Level 2.0 Stealth


You had 2 spell levels left.
You didn't know any spells.
Your spell library contained the following spells:

 Spells                   Type           Power      Damage    Failure   Level
 Ignite Poison            Fire/Tmut/Pois 0%         N/A       100%        3
 Sticky Flame             Conj/Fire      0%         2d3       100%        4
 Ignition                 Fire           0%         3d3       100%        8


Dungeon Overview and Level Annotations

Branches:
Dungeon (2/15)

Altars:

Annotations:
D:2 Sigmund


Innate Abilities, Weirdness & Mutations

Your movements are less encumbered by armour. (ER -4)


Message History

The worm is almost dead.
You kill the worm!
Sigmund the Dreaded comes into view.
He is wielding a +1 scythe of venom.
Sigmund shouts!
Sigmund gestures at you while chanting. You resist with significant effort.
The worm bites you but does no damage.
You hit the worm.
The worm is poisoned.
The worm is moderately wounded.
Sigmund gestures at you while chanting.
You are confused.
You are too confused!
You are too confused!
You are too confused!
The worm bites you!
You bump into the rock wall.
The worm bites you but does no damage.
You bump into the rock wall.
Sigmund casts a spell.
Sigmund flickers and vanishes!
Deactivating autopickup; reactivate with Ctrl-A.
You hit the worm.
The worm looks as sick as possible!
The worm is heavily wounded.
You kill the worm!
Something hits you!
You are poisoned.
You hit something.
You feel sick.
You feel less confused.
You feel sick. Something hits you but does no damage.
You are lethally poisoned!
You see here a worm corpse.
You barely miss something.
* * * LOW HITPOINT WARNING * * *
You feel very sick. Something hits you but does no damage.
You hit something.
* * * LOW HITPOINT WARNING * * *
You feel sick.
You completely miss something.
* * * LOW HITPOINT WARNING * * *
You feel sick. Something hits you.
You die...

.# #. ##.## ##
#.# ##.... #
##.#####§..#+##
#
#.......§§.....
# #......§§§....
# #......§.§[...
# #......§.§# #
#.........#####
#
#........@....#
#
##..†..........#
#
#...######.....#
#######'###
#.....#
#........#
#.....#
##.......#
#...$.#
.#.....<.#
#.....#
.##......#
#.....#
#.#......#


There were no monsters in sight!

Vanquished Creatures
  3 worms (D:2)
  A dart slug (D:1)
  4 bats
  2 endoplasms (D:1)
  3 giant cockroaches
  3 goblins (D:1)
  A hobgoblin (D:2)
  2 jackals (D:1)
  A quokka (D:2)
  5 ball pythons
  4 frilled lizards
  2 kobolds
  3 rats
34 creatures vanquished.

Notes
Turn   | Place    | Note
-------+----------+-------------------------------------------
     0 | D:1      | innerfire433 the Demonspawn Monk began the quest for the
                  | Orb.
     0 | D:1      | Reached XP level 1. HP: 18/18 MP: 1/1
   134 | D:1      | Gained mutation: Your movements are slightly less
                  | encumbered by armour. (ER -2) [demonic ancestry]
   134 | D:1      | Reached XP level 2. HP: 5/24 MP: 2/2
   875 | D:2      | Gained mutation: Your movements are less encumbered by
                  | armour. (ER -4) [demonic ancestry]
   875 | D:2      | Reached XP level 3. HP: 27/29 MP: 3/3
   916 | D:2      | Identified the +10 dagger "Buwuc" {venom, rC+}
   986 | D:2      | Reached skill level 1 in Armour
  1151 | D:2      | Found a faded altar of an unknown god.
  1164 | D:2      | Noticed Sigmund
  1177 | D:2      | Slain by Sigmund

Illustrated notes

Levels and vault maps discovered:
D:1:      psy_arrival_radial02, layout_rooms
D:2:      layout_basic, ebering_ecumenical_altar_mist, grunt_decor_clamped,
          uniq_sigmund

Skill      XL: |  1  2  3 |
---------------+----------+-----
Stealth        | 2 |  2.0
Short Blades   | 3 |  3.2
Armour         | 1 |  1.2
Fighting       | |  3.3
Dodging        | |  2.8

Action                   || total
-------------------------++-------
Melee: Short sword       ||    93
       Dagger            ||    22
  Use: Scroll            ||     3
 Stab: Sleeping          ||     1
Armor: Robe              ||     4
       Plate armour      ||    47
Dodge: Dodged            ||    33

Table legend: (Time is in decaauts)
 A = Elapsed time spent in this place.
 B = Non-inter-level travel time spent in this place.
 C = Inter-level travel time spent in this place.
 D = Time resting spent in this place.
 E = Time spent auto-exploring this place.
 F = Levels seen in this place.
 G = Mean time per level.
                   A        B        C        D        E       F      G
               +--------+--------+--------+--------+--------+-----+--------+
         Total |   1159 |   1105 |     54 |      0 |    852 |   2 |  579.5 |
       Dungeon |   1159 |   1105 |     54 |      0 |    852 |   2 |  579.5 |
               +--------+--------+--------+--------+--------+-----+--------+

Top non-repeatable levels by time:
     D:1: 736 daAuts
     D:2: 422 daAuts
